 Dungeon Crawl Stone Soup version 0.28.0 (webtiles) character file.

Game seed: 8085365121112766744

57 AmazingTV the Grasshopper (level 3, 0/18 HPs)
             Began as a Spriggan Warper on Mar 20, 2024.
             Slain by a worm (3 damage)
             ... on level 3 of the Dungeon.
             The game lasted 00:04:55 (1977 turns).

AmazingTV the Grasshopper (Spriggan Warper)         Turns: 1977, Time: 00:04:56

Health: 0/18       AC:  9    Str:  7    XL:     3   Next: 73%
Magic:  8/8        EV: 18    Int: 14    God:
Gold:   119        SH:  0    Dex: 16    Spells: 8/8 levels left

rFire   . . .      SeeInvis +   a - +2 dagger (protect) {short}
rCold   . . .      Faith    .   (no shield)
rNeg    . . .      Spirit   .   b - +0 robe
rPois   .          Reflect  .   (helmet restricted)
rElec   .          Harm     .   (no cloak)
rCorr   .          Rampage  .   (gloves unavailable)
Will    .....                   (boots unavailable)
Stlth   ++........              (no amulet)
HPRegen 0.06/turn               (no ring)
MPRegen 0.11/turn               (no ring)

@: under a protective aura, very quick
A: very small, no large weapons, unfitting armour, see invisible, speed 3
a: no special abilities


You were on level 3 of the Dungeon.
You visited 1 branch of the dungeon, and saw 3 of its levels.

You collected 119 gold pieces.


Innate Abilities, Weirdness & Mutations

You are very small and have problems with some larger weapons.
You are too small for most types of armour.
You have supernaturally acute eyesight. (SInv)
You cover ground extremely quickly. (Speed+++)


   Skills:
 + Level 2.0 Fighting
 - Level 2.1 Short Blades
 + Level 1.6 Throwing
 + Level 3.7 Dodging
 + Level 2.0 Stealth
 + Level 3.1 Spellcasting
 + Level 4.9 Translocations


You had 8 spell levels left.
You didn't know any spells.
Your spell library contained the following spells:

 Spells                   Type           Power      Damage    Failure   Level
 Blink                    Tloc           32%        N/A       4%          2
 Gell's Gravitas          Tloc           16%        N/A       9%          3
 Lesser Beckoning         Tloc           16%        N/A       9%          3
 Teleport Other           Tloc           16%        N/A       9%          3
 Sandblast                Erth           4%         2d4       22%         1
 Summon Small Mammal      Summ           8%         N/A       22%         1
 Passwall                 Tmut/Erth      1%         N/A       32%         2
 Call Canine Familiar     Summ           2%         N/A       54%         3
 Stone Arrow              Conj/Erth      4%         3d7       54%         3
 Summon Guardian Golem    Hex/Summ       2%         N/A       54%         3
 Manifold Assault         Tloc           16%        N/A       58%         5

Inventory:

Hand Weapons
 a - a +2 dagger of protection (weapon) {short}
   (You took it off a kobold on level 2 of the Dungeon)
 o - a +0 short sword {short}
Missiles
 d - 5 boomerangs of dispersal {=f!f}
 f - 2 boomerangs (quivered)
 h - 45 arrows
 l - 26 sling bullets
 n - 37 stones
 p - 14 bolts
Armour
 b - a +0 robe (worn)
Scrolls
 c - a scroll of blinking {!r}
 e - a scroll of fear {unknown}
 g - a scroll of immolation {unknown}
 j - a scroll of fog {unknown}
 k - 3 scrolls of identify {unknown}
Potions
 i - a potion of might {unknown}
 m - a potion of attraction {unknown}

Dungeon Overview and Level Annotations

Branches:
Dungeon (3/15)

Altars:

#.# ... ###..#)..# .
.# #.....#### #
#!#.#..# #.. #.##.#
#.##.##.# ####. #
#.......# ......
....##.######......
......†.............
............@w......
..........####......
........#.# .....
........#.# ..##
........#.. ##
.........#..
......## ..


You could see a worm.


Message History

You hit the adder. The adder bites you but does no damage.
You closely miss the adder. The adder completely misses you.
You hit the adder. The adder misses you. The adder closely misses you.
You hit the adder but do no damage. The adder completely misses you.
You barely miss the adder. The adder misses you.
You hit the adder. The adder completely misses you.
You closely miss the adder. The adder bites you but does no damage.
You hit the adder. The adder bites you.
You are poisoned.
The adder poisons you!
The adder bites you but does no damage. 😕 HP[-3]
You take 3 damage, and now have 15/18 hp.
You hit the adder.
You kill the adder!
You feel sick. 😕 HP[-1]
You take 1 damage, and now have 14/18 hp.
You feel sick. 😮 HP[-1]
You take 1 damage, and now have 13/18 hp.
You feel sick. 😮 HP[-1]
You take 1 damage, and now have 12/18 hp.
k - 3 scrolls labelled HIOXOK CEOSHRU (gained 1)
You feel sick.
You are no longer poisoned.
A rat comes into view.
A quokka comes into view.
The helpless rat fails to defend itself.
You puncture the rat!
Your weapon exudes an aura of protection.
You kill the rat!
The quokka bites you but does no damage.
You hit the quokka. The quokka barely misses you.
You hit the quokka but do no damage. The quokka closely misses you.
You hit the quokka but do no damage. The quokka closely misses you.
The quokka bites you but does no damage.
You hit the quokka.
You kill the quokka!
You see here a +0 robe.
A gnoll comes into view. It is wielding a +0 spear.
The gnoll shouts! 😮 HP[+1]
A rat comes into view.
The helpless rat fails to defend itself.
You puncture the rat!
Your weapon exudes an aura of protection.
You kill the rat!
You now have 119 gold pieces (gained 16).
A kobold comes into view. It is wielding a +0 dagger.
The kobold shouts!
The kobold hits you but does no damage.
You barely miss the kobold. The kobold closely misses you.
You hit the kobold.
Your weapon exudes an aura of protection.
The kobold hits you but does no damage. 😕 HP[+1]
You hit the kobold.
You kill the kobold!
n - 37 stones (gained 1)
Things that are here:
a +0 dagger {short}; a kobold corpse You hear the slow rusting of a drain nearby.
An adder comes into view.
The adder hisses angrily.
You throw a boomerang. The boomerang misses the adder.
You throw a boomerang. The boomerang hits the adder.
The adder closely misses you.
You miss the adder. The adder completely misses you.
You hit the adder.
Your weapon exudes an aura of protection.
You kill the adder!
Your Fighting skill increases to level 2!
Your Stealth skill increases to level 2!
A worm comes into view.
You throw a boomerang. The boomerang barely misses the worm.
You throw a boomerang.
The boomerang completely misses the worm. 😕 HP[+1]
You throw a boomerang. The boomerang hits the worm.
You hit the worm.
Your weapon exudes an aura of protection.
You hit the worm. The worm bites you. 😮 HP[-5]
You take 5 damage, and now have 10/18 hp.
MASSIVE DAMAGE!! (PAUSE)
You hit the worm. You hit the worm. The worm bites you.
* * * LOW HITPOINT WARNING * * *
😨 HP[-4]
You take 4 damage, and now have 6/18 hp.
MASSIVE DAMAGE!! (PAUSE)
You hit the worm. You completely miss the worm. The worm bites you.
* * * LOW HITPOINT WARNING * * *
😱 HP[-3]
You take 3 damage, and now have 3/18 hp.
You hit the worm. You barely miss the worm. The worm bites you.
You die...

Skill      XL: |  1  2  3 |
---------------+----------+-----
Stealth        | 1 2 |  2.0
Spellcasting   | 3 |  3.1
Fighting       | 2 |  2.0
Short Blades   | |  2.1
Throwing       | |  1.6
Dodging        | |  3.7
Translocations | |  4.9

Action                   || total
-------------------------++-------
Melee: Short sword       ||    56
       Dagger            ||    61
Throw: Boomerang         ||    15
 Stab: Sleeping          ||     7
Armor: Robe              ||    13
Dodge: Dodged            ||    75

Levels and vault maps discovered:
D:1:      wander_arrival_estate, layout_basic, basic_ecumenical_altar
D:2:      layout_loops_ring, kennysheep_decorative_pillar
D:3:      layout_rooms, old_standard_altar, gup_sewer_entry_glass

Notes
Turn   | Place    | Note
-------+----------+-------------------------------------------
     0 | D:1      | AmazingTV the Spriggan Warper began the quest for the Orb.
     0 | D:1      | Reached XP level 1. HP: 10/10 MP: 5/5
     0 | D:1      | magus.rc [v1.9.6]
   142 | D:1      | HP: 1/10 [quokka (4)]
   425 | D:1      | You pick up a book of Callings and begin reading...
   425 | D:1      | You add the spells Summon Small Mammal, Call Canine
                  | Familiar and Summon Guardian Golem to your library.
   591 | D:1      | Reached skill level 1 in Stealth
   592 | D:1      | Found a faded altar of an unknown god.
   637 | D:1      | Reached XP level 2. HP: 15/15 MP: 6/6
  1228 | D:2      | You pick up a book of Geomancy and begin reading...
  1228 | D:2      | You add the spells Sandblast, Passwall and Stone Arrow to
                  | your library.
  1474 | D:2      | Reached skill level 3 in Spellcasting
  1492 | D:2      | You pick up a book of Callings and begin reading...
  1825 | D:2      | Reached XP level 3. HP: 16/18 MP: 8/8
  1962 | D:3      | Reached skill level 2 in Fighting
  1962 | D:3      | Reached skill level 2 in Stealth
  1975 | D:3      | HP: 3/18 [worm (3)]
  1977 | D:3      | Slain by a worm

Vanquished Creatures
  3 adders
  2 dart slugs
  2 endoplasms (D:2)
  A giant cockroach (D:1)
  3 goblins (D:1)
  A hobgoblin (D:2)
  5 kobolds
  3 quokkas
  A ball python (D:1)
  A bat (D:2)
  A frilled lizard (D:2)
  6 rats
29 creatures vanquished.

Table legend:
 A = Non-vault XP
 B = Vault XP
 C = Vault XP percentage of total XP
 D = Non-vault monster count
 E = Vault monster count
 F = Vault count percentage of total count
                 A         B        C        D         E       F
            +---------+---------+-------+---------+---------+-------
      Total |      82 |       0 |   0.0 |      29 |       0 |   0.0
            +---------+---------+-------+---------+---------+-------
        D:1 |      21 |       0 |   0.0 |      12 |       0 |   0.0
        D:2 |      30 |       0 |   0.0 |      11 |       0 |   0.0
        D:3 |      31 |       0 |   0.0 |       6 |       0 |   0.0
            +---------+---------+-------+---------+---------+-------

Illustrated notes

Table legend:
 A = Kills in this place as a percentage of kills in entire the game.
 B = Kills by you in this place as a percentage of kills by you in the entire game.
 C = Kills by friends in this place as a percentage of kills by friends in the entire game.
 D = Other kills in this place as a percentage of other kills in the entire game.
 E = Experience gained in this place as a percentage of experience gained in the entire game.
 F = Experience gained in this place divided by the number of levels of this place that you have seen.
                   A       B       C       D       E      F
               +-------+-------+-------+-------+-------+----------------------
         Total | 100.0 | 100.0 |   N/A |   N/A | 100.0 |  27.3
       Dungeon | 100.0 | 100.0 |   N/A |   N/A | 100.0 |  27.3
               +-------+-------+-------+-------+-------+----------------------

Table legend: (Time is in decaauts)
 A = Elapsed time spent in this place.
 B = Non-inter-level travel time spent in this place.
 C = Inter-level travel time spent in this place.
 D = Time resting spent in this place.
 E = Time spent auto-exploring this place.
 F = Levels seen in this place.
 G = Mean time per level.
                   A        B        C        D        E       F      G
               +--------+--------+--------+--------+--------+-----+--------+
         Total |   1533 |   1518 |     15 |    279 |    992 |   3 |  511.0 |
       Dungeon |   1533 |   1518 |     15 |    279 |    992 |   3 |  511.0 |
               +--------+--------+--------+--------+--------+-----+--------+

Top non-repeatable levels by time:
     D:1: 794 daAuts
     D:2: 667 daAuts
     D:3: 71 daAuts
